 Dungeon Crawl Stone Soup version 0.27-a0-1139-g28e009f (webtiles) character file.

Game seed: 8496079910887331372

81 Illumine the Ruffian (level 4, -1/44 HPs)
             Began as a Troll Monk on May 7, 2021.
             Slain by a gnoll
             ... wielding a +0 spear
              (8 damage)
             ... on level 3 of the Dungeon.
             The game lasted 00:02:06 (1492 turns).

Illumine the Ruffian (Troll Monk)                   Turns: 1492, Time: 00:02:07

Health: -1/44      AC:  4    Str: 20    XL:     4   Next: 19%
Magic:  3/3        EV: 10    Int:  6    God:
Gold:   69         SH:  0    Dex: 12    Spells: 3/3 levels left

rFire    . . .     SeeInvis .     - Unarmed
rCold    . . .     Faith    .   (no shield)
rNeg     . . .     Spirit   .   a - +0 robe
rPois    .         Reflect  .   (helmet restricted)
rElec    .         Harm     .   (no cloak)
rCorr    .         Rampage  .   (gloves unavailable)
Will     .....                  (boots unavailable)
Stlth    ++........             (no amulet)
HPRegen  1.14/turn              (no ring)
MPRegen  0.08/turn              (no ring)

@: no status effects
A: large, unfitting armour, claws 3, regeneration 1, shaggy fur 1, tough skin 1
a: no special abilities


You were on level 3 of the Dungeon.
You visited 2 branches of the dungeon, and saw 5 of its levels.

You collected 69 gold pieces.

Inventory:

Armour
 a - a +0 robe (worn)
Scrolls
 b - 2 scrolls of teleportation {unknown}
 c - 2 scrolls of immolation {unknown}


   Skills:
 - Level 2.4 Fighting
 - Level 2.4 Dodging
 - Level 1.0 Stealth
 + Level 5.1 Unarmed Combat


You had 3 spell levels left.
You didn't know any spells.
Your spell library was empty.

Dungeon Overview and Level Annotations

Branches:
Dungeon (4/15)             Temple (1/1) D:4

Altars:
Ashenzari
Cheibriados
Dithmenos
Gozag
Hepliaklqana
Makhleb
Nemelex Xobeh
Okawaru
Qazlal
Sif Muna
Trog
Uskayaw
Vehumet
Xom
Zin
The Shining One


Innate Abilities, Weirdness & Mutations

You are too large for most types of armour.
You have claws for hands.
Your natural rate of healing is unusually fast.
You are covered in fur. (AC +1)
You have tough skin. (AC +1)


Message History

You closely miss the killer bee.
You feel sick. The killer bee barely misses you.
The gnoll hits you from afar with a +0 spear!
The killer bee stings you.
You are more poisoned.
The killer bee poisons you!
You miss the killer bee.
You feel very sick.
The killer bee stings you but does no damage.
The gnoll barely misses you.
You feel sick.
A killer bee comes into view.
The killer bee stings you but does no damage.
You closely miss the killer bee.
You feel sick.
The killer bee stings you but does no damage.
The gnoll barely misses you. The killer bee closely misses you.
You scratch the killer bee.
The killer bee is moderately wounded.
You feel sick. The killer bee stings you!
* * * LOW HITPOINT WARNING * * *
The killer bee stings you but does no damage.
The gnoll barely misses you. The killer bee stings you.
* * * LOW HITPOINT WARNING * * *
The killer bee stings you.
* * * LOW HITPOINT WARNING * * *
It was a potion of curing.
You feel better. The killer bee stings you.
* * * LOW HITPOINT WARNING * * *
The killer bee barely misses you.
The gnoll hits you from afar with a +0 spear.
* * * LOW HITPOINT WARNING * * *
The killer bee barely misses you. The killer bee closely misses you.
Unknown command.
You scratch the killer bee.
The killer bee is severely wounded.
The killer bee stings you.
* * * LOW HITPOINT WARNING * * *
The killer bee stings you.
* * * LOW HITPOINT WARNING * * *
The gnoll hits you from afar with a +0 spear!
You die...

#..... #.... #...
.... #..# ....
#..### ....
#####....# ....
#......# ....
#.####.####### ....
#.#.....ggy@.#
....##.#.#)######y#
.g..>†.# #.# .#
.....#.# ... ..
.....#####... ###
#$.... ..... .....#
##..## .....# ..#
.....# y..


You could see 2 killer bees and 2 gnolls.

Vanquished Creatures
  3 adders
  An ufetubus (D:4)
  A worm (D:2)
  A dart slug (D:3)
  A ball python (D:2)
  6 endoplasms
  A giant cockroach (D:1)
  A hobgoblin (D:4)
  7 jackals
  2 quokkas (D:1)
  7 bats
  3 goblins (D:1)
  4 kobolds
  2 rats
40 creatures vanquished.

Notes
Turn   | Place    | Note
-------+----------+-------------------------------------------
     0 | D:1      | Illumine the Troll Monk began the quest for the Orb.
     0 | D:1      | Reached XP level 1. HP: 22/22 MP: 0/0
   209 | D:1      | Reached XP level 2. HP: 27/29 MP: 1/1
   396 | D:1      | Reached skill level 4 in Unarmed Combat
   699 | D:2      | Reached XP level 3. HP: 28/36 MP: 2/2
   772 | D:2      | You fall into a shaft and drop 2 floors!
   816 | D:4      | Found a hide-covered altar of Uskayaw.
   816 | D:4      | Found a glowing golden altar of the Shining One.
   822 | D:4      | Found a faded altar of an unknown god.
   824 | D:4      | Found an opulent altar of Gozag.
   829 | D:4      | Found a glowing silver altar of Zin.
   850 | D:4      | Found a staircase to the Ecumenical Temple.
   935 | Temple   | Entered the Ecumenical Temple
  1456 | D:3      | Reached XP level 4. HP: 16/44 MP: 3/3
  1458 | D:3      | Reached skill level 5 in Unarmed Combat
  1492 | D:3      | Slain by a gnoll

Illustrated notes

Levels and vault maps discovered:
D:1:      dpeg_arrival_pits, layout_basic, serial_glass, glass_columns_b,
          glass_columns_a
D:2:      layout_rooms, basic_altar, minmay_pentomino_s2, uniq_sigmund,
          uniq_jessica
D:3:      layout_basic, uniq_natasha
D:4:      layout_layer_cave, chequers_temple_overflow_minitemple,
          general_overflow_altar, temple_pool_b, minmay_shop_damaged,
          columned_hall_lemuel, kennysheep_orc_chapel
Temple:   minmay_temple_forest_path

Skill      XL: |  1  2  3  4 |
---------------+-------------+-----
Unarmed Combat | 4 5 |  5.1
Fighting       | |  2.4
Dodging        | |  2.4
Stealth        | |  1.0

Action                   |  1- 3 |  4- 6 || total
-------------------------+-------+-------++-------
Melee: Unarmed           |    77 |    14 ||    91
       Punch             |     1 |       ||     1
  Use: Potion            |       |     1 ||     1
Armor: Robe              |    33 |     6 ||    39
Dodge: Dodged            |    40 |    15 ||    55

Table legend: (Time is in decaauts)
 A = Elapsed time spent in this place.
 B = Non-inter-level travel time spent in this place.
 C = Inter-level travel time spent in this place.
 D = Time resting spent in this place.
 E = Time spent auto-exploring this place.
 F = Levels seen in this place.
 G = Mean time per level.
                   A        B        C        D        E       F      G
               +--------+--------+--------+--------+--------+-----+--------+
         Total |   1488 |   1356 |    132 |      3 |   1078 |   5 |  297.6 |
       Dungeon |   1040 |    950 |     90 |      3 |    681 |   4 |  260.0 |
        Temple |    447 |    405 |     42 |      0 |    397 |   1 |  447.0 |
               +--------+--------+--------+--------+--------+-----+--------+

Top non-repeatable levels by time:
     D:1: 689 daAuts
  Temple: 447 daAuts
     D:4: 225 daAuts
     D:2: 79 daAuts
     D:3: 46 daAuts
